 Dungeon Crawl Stone Soup version 0.17.0-7-gfadd4cc (webtiles) character file.

130 MDvedh the Cutter (level 4, -2/33 HPs)
             Began as a Mummy Hunter on Nov 8, 2015.
             Slain by Sigmund
             ... wielding a +3 scythe
              (5 damage)
             ... on level 2 of the Dungeon.
             The game lasted 00:03:12 (1850 turns).

MDvedh the Cutter (Mummy Hunter)                    Turns: 1850, Time: 00:03:12

Health: -2/33      AC:  9    Str: 16    XL:     4   Next: 90%
Magic:  4/4        EV:  7    Int: 10    God:
Gold:   60         SH:  0    Dex: 12    Spells: 0 memorised, 3 levels left

rFire  x . .     SeeInvis .     j - +3 dagger
rCold  + . .     Clarity  .     n - +0 chain mail
rNeg   + + +     SustAt   .     (no shield)
rPois  ∞         Gourm    .     (no helmet)
rElec  .         Spirit   .     (no cloak)
rCorr  .         Warding  .     (no gloves)
rMut   .         Stasis   .     h - +0 pair of boots
MR     .....                    (no amulet)
Stlth  ..........               (no ring)
                                (no ring)

@: confused, not resistant to hostile enchantments, extremely unstealthy
A: no food or potions, fire vulnerability, cold resistance 1, negative energy
resistance 3, torment resistance, unbreathing
a: no special abilities


You were on level 2 of the Dungeon.
You were not hungry.

You visited 1 branch of the dungeon, and saw 2 of its levels.

You collected 60 gold pieces.

Inventory:

Hand Weapons
 c - a +0 short sword
 j - a +3 dagger (weapon)
Missiles
 b - a throwing net (quivered)
Armour
 h - a +0 pair of boots (worn)
 n - a +0 chain mail (worn)
Scrolls
 d - a scroll of amnesia {unknown}
 e - 3 scrolls of noise {unknown}
 f - 4 scrolls of remove curse
 g - a scroll of identify {unknown}
 i - a scroll of recharging {unknown}
 k - a scroll of teleportation {unknown}
 l - a scroll of enchant weapon {unknown}
 m - a scroll of magic mapping {unknown}
 o - a scroll of immolation {unknown}


   Skills:
 - Level 2.0 Fighting
 + Level 3.7 Short Blades
 - Level 3.2 Throwing
 - Level 1.5 Dodging
 - Level 0.7 Stealth


You had 3 spell levels left.
You didn't know any spells.

Dungeon Overview and Level Annotations

Branches:
Dungeon (2/15)

Altars:
Yredelemnul

Annotations:
D:2 Sigmund


Innate Abilities, Weirdness & Mutations

You do not eat or drink.
Your flesh is vulnerable to fire.
You are immune to poison.
Your flesh is cold resistant.
You are immune to negative energy.
You are immune to unholy pain and torment.
You can survive without breathing.


Message History

Deactivating autopickup; reactivate with Ctrl-A.
You hear some strange, mumbled words.
A magic dart appears from out of thin air!
The magic dart hits you!
You hit something. Something hits you.
You barely miss something. You hit something. Something hits you!
You miss something. Something hits you!
* * * LOW HITPOINT WARNING * * *
You miss something.
Unknown command.
You miss something.
You hear some strange, mumbled words.
You are confused.
You're too confused to move!
Something hits you.
* * * LOW HITPOINT WARNING * * *
You can't drink.
You closely miss something.
You bump into the rock wall.
Something hits you.
You die...

##.#..# #.#
#....### #.#
#......# #.#
#...##.###.#
#.#>##.....#
...#.....####
####.###.#########
#.# #.........#
#.# #########@#
#.# #{# #(# ..#
###


There were no monsters in sight!

Vanquished Creatures
  Ijyb (D:2)
  Terence (D:2)
  3 adders (D:2)
  2 ball pythons
  10 bats
  3 giant cockroaches
  3 hobgoblins
  4 jackals (D:2)
  9 kobolds
  6 goblins
  9 rats
  A plant (D:2)
52 creatures vanquished.

Notes
Turn   | Place    | Note
--------------------------------------------------------------
     0 | D:1      | MDvedh the Mummy Hunter began the quest for the Orb.
     0 | D:1      | Reached XP level 1. HP: 16/16 MP: 1/1
   281 | D:1      | Reached skill level 1 in Short Blades
   331 | D:1      | Reached XP level 2. HP: 22/22 MP: 2/2
   816 | D:2      | Reached XP level 3. HP: 19/27 MP: 3/3
  1015 | D:2      | Found a basalt altar of Yredelemnul.
  1464 | D:2      | Reached XP level 4. HP: 33/33 MP: 4/4
  1588 | D:2      | Noticed Terence
  1609 | D:2      | Killed Terence
  1735 | D:2      | Noticed Ijyb
  1747 | D:2      | Killed Ijyb
  1834 | D:2      | Noticed Sigmund
  1850 | D:2      | Slain by Sigmund

Action                   |  1- 3 |  4- 6 || total
-------------------------+-------+-------++-------
Melee: Short sword       |   158 |       ||   158
       Dagger            |       |    53 ||    53
Throw: Javelin           |    11 |    11 ||    22
       Throwing net      |       |     1 ||     1
  Use: Scroll            |     1 |       ||     1
 Stab: Sleeping          |     3 |       ||     3
